Description

1st try to add supply&timings for VOD build order to use it in-game. Comments are welcome! Not all upgrades are included.

VOD

https://www.youtube.com/watch?v=bp_ulpL5Bcs&t=597s

Build Order

Get SALT Encoding   

  13  0:14  Overlord  Send near enemy 3rd base location
  17  0:58  Hatchery  
  17  1:02  Drone  
  17  1:08  Extractor  
  17  1:12  Drone  
  17  1:18  Spawning Pool  
  16  1:23  Drone  
  17  1:26  Drone  
  18  1:30  Drone  
  19  1:32  Action  3 Drones on Gas
  19  1:48  Overlord  Send to front of your bases to watch for enemies
  19  2:05  Zergling x4  
  23  2:06  Queen x2  1 At each base
  27  2:07  Action  After spawning pool finishes pull 2 drones off of gas and onto minerals at natural
  27  2:20  Metabolic Boost  
  27  3:00  Hatchery  
  27  3:04  Queen x2  
  31  3:43  Action  Metabolic Boost complete put 2 drones back into gas
  36  4:00  Spore Crawler x3  Against Terran/Protoss, 1 in each mineral line
  36  4:08  Evolution Chamber  Half-wall at natural
  37  4:10  Roach Warren  Half-wall at natural
  40  4:15  Lair  
  40  4:30  Action  Around 30-40 workers get gas 2 & 3
  46  4:41  Zerg Missile Weapons Level 1  
  48  4:46  Queen  At 3rd base
  50  5:07  Evolution Chamber  
  52  5:25  Glial Reconstitution  
  56  5:35  Zerg Ground Armor Level 1, Zerg Missile Weapons Level 2  
  60  5:55  Hydralisk Den  
  75  6:24  Grooved Spines  
  75  6:28  Hatchery  60 Drones get 4th or earlier if can't spend enough minerals
  75  6:30  Action  Roach & Hydra to 200 supply with +2/+1 by the end
Spawning Tool Build Advisor. Get it on Overwolf

Go to:

Details

  • Created by: rdt
  • Published on: Sep 17, 2020
  • Modified on: Sep 18, 2020
  • Patch: 4.11.0
  • Difficulty: Easy
Show
View Real Time Build Order
Export as new Build Order

Comments (0)

There are no comments. Be the first!

Create an account to comment!